 Dungeon Crawl Stone Soup version 0.29.1-2-gbd0b4ee654 (webtiles) character file.

Game seed: 7046574616964620649

69 hawla the Chiller (level 4, -2/33 HPs)
             Began as a Meteoran Ice Elementalist on Nov 1, 2022.
             Slain by Terence
             ... wielding a +0 flail
              (8 damage)
             ... on level 3 of the Dungeon.
             The game lasted 00:05:27 (1006 turns).

hawla the Chiller (Meteoran Ice Elementalist)       Turns: 1006, Time: 00:05:29

Health: -2/33      AC:  3    Str: 10    XL:     4   Next: 70%
Magic:  6/10       EV: 12    Int: 18    God:
Gold:   108        SH:  0    Dex: 14    Spells: 2/10 levels left

rFire   . . .      SeeInvis .   e - +2 dagger (venom)
rCold   . . .      Faith    .   (no shield)
rNeg    . . .      Spirit   .   a - +0 robe
rPois   +          Reflect  .   (no helmet)
rElec   .          Harm     .   (no cloak)
rCorr   .          Rampage  .   (no gloves)
Will    .....                   p - +0 pair of boots
Stlth   +.........              (no amulet)
HPRegen 0.11/turn               r - ring of poison resistance
MPRegen 0.12/turn               (no ring)

@: freezing walls, glowing
A: sense surroundings 1, otherworldly, glowing, explore regen
a: no special abilities


You were on level 3 of the Dungeon.
You visited 1 branch of the dungeon, and saw 3 of its levels.

You collected 108 gold pieces.

Inventory:

Hand Weapons
 e - a +2 dagger of venom (weapon)
 v - a +0 great mace
Armour
 a - a +0 robe (worn)
 p - a +0 pair of boots (worn)
Magical Staves
 h - a staff of earth
Jewellery
 r - a ring of poison resistance (left hand)
Scrolls
 c - a scroll of torment
 g - a scroll of teleportation {unknown}
 l - 2 scrolls of identify {unknown}
 o - a scroll of butterflies {unknown}
 q - a scroll of enchant weapon {unknown}
 t - a scroll of enchant armour {unknown}
 u - a scroll of noise {unknown}
Potions
 b - a potion of magic
 d - a potion of ambrosia {unknown}
 f - a potion of invisibility {unknown}
 i - a potion of flight {unknown}
 j - a potion of haste {unknown}
 k - a potion of cancellation {unknown}
 m - a potion of curing
 n - a potion of mutation {unknown}
 s - a potion of degeneration {unknown}


   Skills:
 - Level 0.2 Short Blades
 - Level 2.6 Dodging
 - Level 1.6 Stealth
 - Level 3.6 Spellcasting
 + Level 5.4 Ice Magic


You had 2 spell levels left.
You knew the following spells:

 Your Spells              Type           Power      Damage    Failure   Level
a - Freeze                Ice            88%        1d10      1%          1
b - Frozen Ramparts       Ice            44%        1d7       4%          3
c - Hailstorm             Conj/Ice       13%        3d5       45%         4

Your spell library contained the following spells:

 Spells                   Type           Power      Damage    Failure   Level
 Sublimation of Blood     Necr           3%         N/A       24%         2
 Ozocubu's Armour         Ice            22%        N/A       4%          3
 Inner Flame              Hex/Fire       3%         N/A       43%         3
 Lesser Beckoning         Tloc           3%         N/A       43%         3
 Portal Projectile        Hex/Tloc       6%         N/A       43%         3
 Animate Armour           Summ/Erth      6%         N/A       83%         4
 Animate Dead             Necr           3%         N/A       83%         4
 Cause Fear               Hex            1%         N/A       83%         4
 Petrify                  Tmut/Erth      3%         N/A       83%         4
 Borgnjor's Vile Clutch   Necr/Erth      1%         N/A       99%         5
 Irradiate                Conj/Tmut      1%         3d12      99%         5
 Death Channel            Necr           1%         N/A       100%        6
 Spellforged Servitor     Conj/Summ      1%         N/A       100%        7
 Discord                  Hex            1%         N/A       100%        8


Dungeon Overview and Level Annotations

Branches:
Dungeon (3/15) Zot: 794

Altars:
Okawaru

Annotations:
D:3 Terence


Innate Abilities, Weirdness & Mutations

You passively map a small area around you.
You are easily found by Zot.
You glow in the dark.
You regain HP and MP as you explore.


Message History

You are too injured to fight recklessly!
You see here 4 gold pieces.
Terence says, "Time to say good-bye..."
Casting: Frozen Ramparts (dangerous; 4% risk of failure)
Confirm with . or Enter, or press ? or * to list all spells.
Casting: Frozen Ramparts (dangerous; 4% risk of failure)
Press: ? - help, Dir - look around, f - activate The walls around you are covered in ice.
The wall freezes Terence but does no damage.
Terence looks scornfully at you. Terence closely misses you.
You closely miss Terence.
Terence is heavily wounded.
The wall freezes Terence.
Terence hits you with a +0 flail.
* * * LOW HITPOINT WARNING * * *
A bat comes into view.
Casting: Frozen Ramparts (dangerous; 4% risk of failure)
Confirm with . or Enter, or press ? or * to list all spells.
Aiming: Freeze (safe; 1% risk of failure)
Press: ? - help, Shift-Dir - straight line, f - Terence
Aim: Terence, wielding a +0 flail and wearing a +0 scale mail (severely wounded, poisoned)
You freeze Terence.
Terence is severely wounded.
The wall freezes Terence.
Terence screams, "I'm going to kill you!"
Terence hits you with a +0 flail!
* * * LOW HITPOINT WARNING * * *
It was a potion of curing.
You feel better.
The wall freezes Terence but does no damage.
Terence looks scornfully at you. Terence hits you with a +0 flail.
* * * LOW HITPOINT WARNING * * *
The wall freezes the bat but does no damage.
You hit Terence but do no damage.
Terence looks even sicker.
Terence is almost dead.
The wall freezes the bat. x2
You kill the bat!
The wall freezes Terence but does no damage.
Terence hits you with a +0 flail!
You die... 8

, .... , *, *... * , , *
..# #### *#.# *, ##. ..
... #†# ** * ##..
.#**#.####.#####.# #..^
.# #.....$....... .⌠..
#.# #...##@####..#
....##.####...##@# * *
....#...##.....#........
#....#........######.#.
#†....##(.......#
#..#.##.....###.# ,
#.......###...#.###. *
#..#....# #......... *
#..####.###.....### *
*#..# #.....##### *,*


You could see Terence (very poisoned).

Vanquished Creatures
  An adder (D:2)
  A worm (D:2)
  4 dart slugs
  8 bats
  5 endoplasms
  5 giant cockroaches
  4 goblins
  3 hobgoblins
  3 kobolds
  3 quokkas
  2 ball pythons (D:1)
  A frilled lizard (D:3)
  6 rats
46 creatures vanquished.

Vanquished Creatures (others)
  A plant (D:1)
1 creature vanquished.

Grand Total: 47 creatures vanquished

Notes
Turn   | Place    | Note
-------+----------+-------------------------------------------
     0 | D:1      | hawla the Meteoran Ice Elementalist began the quest for the
                  | Orb.
     0 | D:1      | Reached XP level 1. HP: 14/14 MP: 5/5
    26 | D:1      | Reached XP level 2. HP: 20/20 MP: 3/6
    95 | D:1      | Got the Teachings on Discontinuous Beckoning
   158 | D:1      | Reached XP level 3. HP: 16/26 MP: 5/8
   162 | D:1      | Learned a level 3 spell: Frozen Ramparts
   485 | D:2      | Reached skill level 5 in Ice Magic
   553 | D:2      | Reached XP level 4. HP: 33/33 MP: 8/10
   562 | D:2      | Learned a level 4 spell: Hailstorm
   562 | D:2      | Found an iron altar of Okawaru.
   994 | D:3      | Noticed Terence
  1004 | D:3      | HP: 1/33 [Terence/+0 flail (9)]
  1006 | D:3      | Slain by Terence

Illustrated notes

Levels and vault maps discovered:
D:1:      eino_arrival_druids_welcome, layout_rooms
D:2:      minmay_wonky_spiral, layout_rooms, basic_altar, serial_glass,
          glass_columns_a, glass_columns_a
D:3:      layout_loops_ring, nicolae_overflow_ecumenical_swirl,
          guppyfry_early_lair_pool, uniq_terence

Skill      XL: |  1  2  3 |
---------------+----------+-----
Spellcasting   | 3 |  3.6
Ice Magic      | 5 |  5.4
Short Blades   | |  0.2
Dodging        | |  2.6
Stealth        | |  1.6

Action                   |  1- 3 |  4- 6 || total
-------------------------+-------+-------++-------
Melee: Dagger            |    33 |    39 ||    72
       Unarmed           |     1 |       ||     1
       Punch             |     1 |       ||     1
 Cast: Freeze            |    16 |     1 ||    17
       Frozen Ramparts   |     4 |     3 ||     7
  Use: Scroll            |     1 |       ||     1
       Potion            |       |     1 ||     1
Armor: Robe              |    11 |     4 ||    15
Dodge: Dodged            |    17 |    17 ||    34
